Map: [ESL] Radhuset Station

Players

Clem - Winner!

  • Race: Terran Terran
  • Spawn Location: 1:00

Reynor

  • Race: Zerg Zerg
  • Spawn Location: 7:00

Event: ESL SC2 Masters 2023 Winter (Regional)

VOD

Have the link to the VOD?

Description

Time

  • Played on: Nov. 19, 2023, 9:53 a.m.
  • Length: 10:02

All games in this series

Show
View Real Time Build Order
Export as new Build Order

Clem Terran - Winner!

Build Orders: Reaper Expand 

Get SALT Encoding   

  12  0:00  SCV  
  13  0:12  SCV  
  14  0:17  Supply Depot  
  14  0:24  SCV  
  15  0:39  SCV  
  15  0:40  Barracks  
  16  0:44  Refinery  
  16  0:51  SCV  
  17  1:03  SCV  
  18  1:15  SCV  
  19  1:27  Orbital Command, Reaper  
  20  1:41  Command Center  
  20  1:49  Supply Depot  
  20  1:53  SCV  
  21  1:58  Marine  
  22  2:05  SCV  
  23  2:12  Factory  
  23  2:18  SCV  
  23  2:20  Barracks Reactor  
  24  2:30  SCV  
  25  2:42  SCV  
  25  2:43  Command Center  
  26  2:54  Orbital Command, SCV  
  27  3:02  Starport  
  27  3:06  SCV  
  27  3:10  Hellion  
  30  3:14  Hellion  
  30  3:18  SCV  
  30  3:19  SCV  
  34  3:22  Refinery  
  34  3:24  Marine  
  35  3:31  Hellion, SCV  
  35  3:33  SCV  
  39  3:37  Hellion  
  39  3:39  Medivac  
  43  3:43  SCV  
  43  3:45  SCV  
  43  3:47  Barracks Tech Lab  
  45  3:55  Orbital Command, SCV  
  46  3:58  SCV  
  47  4:05  Marine  
  47  4:07  SCV  
  49  4:10  SCV  
  49  4:12  Factory Reactor  
  50  4:17  Barracks  
  50  4:19  Stimpack, SCV  
  50  4:21  Barracks  
  50  4:22  SCV  
  50  4:23  Marine  
  53  4:26  SCV  
  54  4:31  SCV  
  54  4:32  Supply Depot  
  54  4:34  SCV  
  54  4:38  SCV  
  57  4:41  Marine  
  57  4:42  Engineering Bay  
  57  4:43  SCV  
  57  4:46  SCV  
  57  4:50  SCV, Refinery x2  
  57  4:51  Starport Reactor  
  58  4:55  SCV  
  58  4:58  SCV, Engineering Bay  
  58  4:59  Factory Reactor, Marine  
  61  5:02  SCV  
  62  5:07  SCV  
  62  5:10  Terran Infantry Weapons Level 1  
  62  5:11  Marine  
  62  5:12  Marine x3  
  62  5:13  SCV  
  68  5:17  Marine  
  69  5:22  Orbital Command  
  69  5:23  Supply Depot  
  69  5:25  Supply Depot  
  69  5:29  Marine, SCV x2, Medivac x2  
  69  5:30  Supply Depot  
  69  5:34  Marine  
  77  5:44  Marine x3  
  77  5:45  Widow Mine, SCV x2  
  77  5:47  Supply Depot, Widow Mine  
  86  5:50  Terran Infantry Armor Level 1, SCV  
  86  5:55  Barracks  
  86  5:56  Barracks  
  89  5:57  SCV x2  
  89  6:01  Medivac  
  89  6:02  SCV  
  92  6:04  Medivac  
  92  6:09  SCV x2  
  92  6:10  Supply Depot  
  96  6:13  Supply Depot  
  96  6:14  Marine, SCV  
  96  6:16  Marine x3  
  101  6:19  Widow Mine  
  101  6:20  Widow Mine  
  101  6:23  SCV, Supply Depot  
  101  6:24  Marine  
  107  6:27  SCV  
  107  6:30  SCV  
  107  6:31  Medivac  
  107  6:32  Marine  
  111  6:34  Factory  
  111  6:36  Refinery  
  111  6:37  Armory  
  111  6:38  Marine  
  111  6:39  SCV  
  114  6:41  Marine x2  
  114  6:42  SCV  
  114  6:45  Widow Mine  
  114  6:47  Barracks Reactor  
  120  6:53  Supply Depot, Marine x2  
  122  6:54  Combat Shield, Barracks Reactor  
  122  6:56  Marine, Widow Mine  
  122  6:58  Supply Depot  
  122  6:59  SCV, Marine x2  
  127  7:06  Command Center  
  126  7:10  Marine  
  126  7:11  Marine  
  126  7:14  Marine  
  131  7:16  Medivac x2, Widow Mine  
  131  7:18  Marine x2  
  131  7:20  Factory Tech Lab, Widow Mine  
  139  7:28  Marine x3  
  140  7:32  Supply Depot  
  140  7:33  Terran Infantry Weapons Level 2  
  140  7:34  Marine  
  140  7:35  Marine x3  
  140  7:37  Widow Mine, Marine  
  140  7:38  Marine  
  140  7:41  Widow Mine  
  136  7:46  Marine, Medivac  
  136  7:47  Marine x2  
  136  7:50  Widow Mine, Supply Depot  
  143  7:51  Supply Depot  
  143  7:52  Marine  
  143  7:55  Drilling Claws  
  143  7:56  Marine  
  143  7:57  Marine x2, Refinery  
  143  7:58  Widow Mine, Marine x2  
  149  8:02  Medivac  
  149  8:03  Widow Mine  
  149  8:04  Marine  
  149  8:05  Marine  
  153  8:08  Supply Depot  
  153  8:11  Supply Depot  
  153  8:12  Widow Mine  
  155  8:16  Marine x3, Medivac  
  155  8:17  Marine x3  
  155  8:18  Marine  
  164  8:25  SCV x2  
  162  8:29  Marine x2  
  162  8:30  SCV, Widow Mine  
  167  8:34  Marine  
  167  8:37  Medivac  
  167  8:40  Marine  
  164  8:41  Marine x3  
  164  8:42  Widow Mine x2  
  164  8:43  Marine x2  
  164  8:44  SCV  
  169  8:49  Medivac  
  169  8:50  Marine  
  169  8:51  Widow Mine  
  172  8:56  Marine x2  
  172  8:59  Planetary Fortress  
  172  9:02  SCV  
  163  9:03  Widow Mine  
  163  9:05  Marine x2, Widow Mine  
  163  9:07  Medivac, Marine  
  170  9:10  Marine  
  170  9:11  Marauder  
  170  9:12  Widow Mine  
  170  9:13  Marine  
  170  9:14  Marine  
  174  9:19  Medivac  
  174  9:21  Marine  
  174  9:22  SCV  
  172  9:24  Widow Mine  
  172  9:25  Marine  
  172  9:26  Widow Mine  
  172  9:27  Marine x2  
  172  9:28  Marine x2  
  172  9:29  SCV  
  173  9:34  Widow Mine  
  173  9:35  Marine  
  173  9:36  Marine  
  168  10:01  Barracks  
Show
View Real Time Build Order
Export as new Build Order

Reynor Zerg 

Build Orders: Hatch First 

Get SALT Encoding   

  12  0:00  Drone  
  13  0:07  Drone  
  13  0:14  Extractor, Drone  
  15  0:37  Hatchery  
  15  0:42  Extractor  
  13  0:43  Drone  
  13  0:48  Overlord  
  15  1:04  Spawning Pool  
  15  1:07  Drone  
  15  1:11  Drone  
  16  1:15  Drone  
  17  1:19  Drone  
  18  1:30  Drone  
  19  1:39  Drone  
  20  1:50  Drone, Queen x2  
  20  1:52  Drone  
  26  2:00  Overlord  
  26  2:03  Drone  
  27  2:11  Zergling x2  
  28  2:18  Drone  
  28  2:22  Hatchery  
  28  2:24  Drone  
  28  2:26  Drone  
  30  2:31  Drone  
  30  2:33  Drone  
  32  2:38  Extractor  
  32  2:39  Queen  
  33  2:47  Queen  
  35  2:51  Overlord  
  35  2:55  Overlord  
  35  2:57  Drone  
  36  3:09  Drone  
  36  3:10  Drone x4  
  36  3:11  Drone  
  42  3:17  Queen  
  44  3:23  Overlord  
  44  3:28  Queen  
  46  3:34  Zergling x2  
  46  3:35  Zergling x4  
  46  3:37  Drone  
  46  3:38  Drone  
  51  3:42  Drone  
  51  3:45  Drone  
  51  3:46  Metabolic Boost  
  51  3:48  Drone  
  54  3:49  Drone  
  54  3:50  Drone  
  54  3:54  Overlord  
  56  3:56  Drone  
  56  3:57  Drone  
  56  4:00  Drone  
  59  4:03  Drone  
  59  4:06  Drone  
  59  4:08  Drone  
  62  4:14  Overlord  
  62  4:19  Zergling x8  
  62  4:20  Queen  
  68  4:29  Drone x6  
  72  4:32  Drone  
  72  4:33  Queen  
  72  4:36  Drone  
  72  4:37  Drone  
  75  4:38  Drone  
  75  4:39  Drone  
  75  4:42  Drone  
  75  4:45  Drone  
  77  4:47  Drone  
  77  4:48  Drone  
  77  4:49  Drone  
  77  4:50  Drone  
  81  4:55  Drone  
  81  4:58  Overlord  
  81  4:59  Spore Crawler  
  81  5:03  Zergling x2  
  81  5:06  Overlord  
  82  5:07  Drone, Evolution Chamber  
  82  5:09  Evolution Chamber  
  82  5:10  Extractor  
  82  5:13  Overlord  
  80  5:15  Drone  
  80  5:16  Drone  
  83  5:21  Drone x2  
  83  5:22  Drone  
  83  5:23  Drone  
  83  5:27  Drone x2, Spore Crawler x2  
  86  5:28  Hatchery  
  86  5:34  Zerg Melee Weapons Level 1, Extractor x2, Zerg Ground Armor Level 1  
  86  5:35  Drone  
  84  5:37  Drone x2  
  84  5:40  Zergling x4  
  84  5:41  Zergling x2  
  89  5:43  Drone  
  89  5:44  Drone x2  
  89  5:46  Overlord  
  89  5:47  Drone  
  93  5:50  Lair  
  93  5:52  Zergling x4  
  93  5:55  Overlord  
  95  6:00  Zergling x4  
  95  6:01  Drone x2  
  95  6:04  Drone  
  100  6:05  Drone x2, Extractor  
  100  6:06  Extractor, Drone  
  100  6:11  Queen  
  100  6:12  Drone x2  
  100  6:13  Overlord  
  100  6:14  Drone  
  100  6:15  Drone  
  106  6:19  Drone x2, Baneling Nest, Spore Crawler  
  106  6:26  Spore Crawler, Overlord  
  106  6:27  Drone  
  106  6:28  Overlord x2  
  106  6:32  Zergling x2  
  107  6:38  Zergling x8  
  111  6:43  Zergling x10  
  111  6:47  Pneumatized Carapace, Drone, Spore Crawler  
  116  6:50  Drone  
  116  6:52  Infestation Pit, Drone x4  
  120  6:55  Zergling x2, Spore Crawler  
  120  7:01  Zergling x2  
  121  7:03  Drone x2  
  121  7:05  Centrifugal Hooks  
  121  7:07  Zergling x2  
  121  7:12  Zergling x8  
  121  7:13  Zergling x4  
  121  7:14  Queen  
  124  7:20  Zergling x6  
  124  7:21  Overlord  
  110  7:31  Zergling x20  
  108  7:40  Zergling x6  
  108  7:42  Zergling x6  
  108  7:44  Zergling x2  
  110  7:46  Queen  
  110  7:49  Hive  
  110  7:50  Drone x3  
  115  7:53  Baneling x6  
  115  7:54  Overseer, Baneling  
  115  7:56  Drone x2  
  117  8:03  Drone x2  
  117  8:04  Drone  
  120  8:06  Hydralisk Den  
  120  8:08  Drone x5  
  120  8:12  Extractor, Drone  
  124  8:15  Baneling x5  
  124  8:16  Zergling x8  
  128  8:22  Baneling x3  
  128  8:23  Zergling x6  
  128  8:26  Overseer  
  130  8:27  Overlord x2  
  130  8:28  Hatchery  
  130  8:32  Baneling x4  
  130  8:33  Overlord  
  128  8:41  Zergling x20  
  130  8:42  Baneling x6  
  130  8:43  Baneling x5  
  130  8:45  Zergling x2  
  130  8:47  Zergling x2  
  131  8:51  Zergling x6  
  131  8:52  Queen  
  130  8:58  Zergling x14  
  133  9:06  Overseer  
  133  9:08  Overseer, Baneling x10  
  133  9:09  Zergling x10  
  135  9:11  Overlord x3  
  135  9:16  Baneling x8, Lurker Den  
  132  9:22  Zergling x12  
  128  9:24  Zergling x2  
  128  9:29  Baneling x8  
  128  9:30  Zergling x2  
  126  9:35  Zergling x8  
  126  9:38  Zergling x6  
  128  9:40  Overseer  
  128  9:41  Zergling x2  
  128  9:45  Zergling x2  
Tags
 
Add a new tag
Caveats
  • Supply blocks, unpowered buildings, or Contaminate may cause inaccurate times.
  • Supply counts are checked every 10 seconds.